 Dungeon Crawl Stone Soup version 0.19.5 (webtiles) character file.

318 miragecloak the Insei (level 6, -5/38 HPs)
             Began as an Octopode Transmuter on May 3, 2017.
             Killed from afar by Dowan (11 damage)
             ... with a puff of flame
             ... on level 4 of the Dungeon.
             The game lasted 00:06:19 (3778 turns).

miragecloak the Insei (Octopode Transmuter)         Turns: 3778, Time: 00:06:20

Health: -5/38      AC:  2    Str: 10    XL:     6   Next: 45%
Magic:  7/9        EV: 20    Int: 15    God:
Gold:   137        SH:  0    Dex: 19    Spells: 2 memorised, 5 levels left

rFire  . . .     SeeInvis .       - Unarmed
rCold  . . .     Gourm    .     (shield currently unavailable)
rNeg   . . .     Faith    .     (helmet currently unavailable)
rPois  x         Spirit   .     o - amulet of magic regeneration
rElec  .         Reflect  .     k - +1 ring of slaying
rCorr  .         Harm     .     r - ring of stealth
MR     .....                    (no ring)
Stlth  +.........               (no ring)
                                (no ring)
                                (no ring)
                                (no ring)
                                (no ring)

@: spider-form, glowing
A: almost no armour, stealthy swim, (amphibious), 8 rings, (constrict 8),
(camouflage 0), (gelatinous body 0)
a: End Transformation


You were on level 4 of the Dungeon.
You were hungry.
You were a venomous arachnid creature.
You visited 1 branch of the dungeon, and saw 4 of its levels.

You collected 137 gold pieces.

Inventory:

Missiles
 a - 55 arrows
Jewellery
 f - an uncursed ring of ice
 k - a +1 ring of slaying (left front leg)
 o - an amulet of magic regeneration (around neck)
 r - a ring of stealth (right front leg)
Scrolls
 d - 3 scrolls of identify
 l - 2 scrolls of noise
 m - a scroll of enchant armour
 p - a scroll of fog {unknown}
 s - 2 scrolls of teleportation {unknown}
Potions
 e - 2 potions of agility {unknown}
 g - 3 potions of heal wounds {unknown}
 h - a potion of mutation {unknown}
 j - a potion of lignification {unknown}
 n - 2 potions of curing {unknown}
 t - a potion of might {unknown}
 v - a potion of cancellation {unknown}
 w - a potion of haste {unknown}
Books
 b - a book of Changes

   Spells                             Type                      Level
   a - Beastly Appendage              Transmutation                1
   b - Sticks to Snakes               Transmutation                2
   c - Spider Form                    Transmutation/Poison         3
   d - Ice Form                       Ice/Transmutation            4
   e - Blade Hands                    Transmutation                5
Comestibles
 c - 2 bread rations
 i - 4 meat rations
 q - 5 fruits
 u - a chunk of flesh


   Skills:
 - Level 1.0 Fighting
 - Level 2.0 Dodging
 + Level 5.2 Unarmed Combat
 - Level 2.0 Spellcasting
 - Level 4.2 Transmutations
 - Level 3.0 Poison Magic


You had 5 spell levels left.
You knew the following spells:

 Your Spells              Type           Power        Failure   Level  Hunger
a - Beastly Appendage     Tmut           ##....       14%         1    #......
b - Spider Form           Tmut/Pois      ##........   36%         3    ###....


Dungeon Overview and Level Annotations

Branches:
Dungeon (4/15)
 Temple: D:4-7

Altars:
Dithmenos
Okawaru
Uskayaw
Vehumet

Annotations:
D:4 Dowan, Duvessa


Innate Abilities, Weirdness & Mutations

You cannot wear most types of armour.
You are very stealthy in the water. (Stealth+)
((You are amphibious.))
You can wear up to eight rings at the same time.
((You can use your tentacles to constrict eight enemies at once.))
((Your skin changes colour to match your surroundings (Stealth+).))
((Your rubbery body absorbs attacks. (AC +1, EV +1)))


Message History

Casting: Spider Form
Confirm with . or Enter, or press ? or * to list all spells.
You turn into a venomous arachnid creature.
The orc wizard gestures wildly while chanting.
The orc wizard blinks!
Dowan points at you and mumbles some strange words.
You are outlined in light.
As you read the scroll labeled TIOFIZUSHRU, it crumbles to dust.
It is a scroll of identify.
l - 2 scrolls of noise The leopard gecko bites you.
* * * LOW HITPOINT WARNING * * *
As you read the scroll labeled CUINOF CEME, it crumbles to dust.
It is a scroll of enchant armour.
You aren't carrying any armour which can be enchanted further.
The leopard gecko barely misses you. Duvessa barely misses you.
The leopard gecko closely misses you. Dowan gestures at you while chanting.
The puff of flame hits you!
You die...

######
#####.)..#
##.e....###
#.s##...#
#.#l...##
##......#
#oee#).##
######..##.##
#...$......#
#.........l#
#.......e..#
#..........#


You could see Duvessa, Dowan, an orc and a leopard gecko.

Vanquished Creatures
  Blork the orc (D:4)
  An orc wizard (D:4)
  Natasha (thrice) (D:2)
  A hound skeleton (D:4)
  5 adders
  3 dart slugs
  3 worms
  2 leopard geckos
  5 orcs
  2 ball pythons (D:1)
  10 bats
  5 giant cockroaches
  10 goblins
  7 hobgoblins
  2 jackals (D:2)
  7 frilled lizards
  3 kobolds
  2 leopard gecko skeletons (D:4)
  10 rats
82 creatures vanquished.

Notes
Turn   | Place    | Note
-------+----------+-------------------------------------------
     0 | D:1      | miragecloak the Octopode Transmuter began the quest for the Orb.
     0 | D:1      | Reached XP level 1. HP: 13/13 MP: 3/3
   151 | D:1      | Reached XP level 2. HP: 18/18 MP: 5/5
   641 | D:1      | Reached XP level 3. HP: 21/23 MP: 4/6
   649 | D:1      | Learned a level 3 spell: Spider Form
  1247 | D:2      | Reached skill level 1 in Poison Magic
  1446 | D:2      | Noticed Natasha
  1458 | D:2      | Killed Natasha
  1458 | D:2      | Reached XP level 4. HP: 24/28 MP: 2/7
  1561 | D:2      | Noticed Natasha
  1567 | D:2      | Killed Natasha
  1788 | D:2      | Reached XP level 5. HP: 17/33 MP: 3/8
  1959 | D:2      | Noticed Natasha
  1969 | D:2      | Killed Natasha
  2352 | D:3      | Found an iron altar of Okawaru.
  2577 | D:3      | Found a shadowy altar of Dithmenos.
  2577 | D:3      | Found a radiant altar of Vehumet.
  2596 | D:3      | Found a hide-covered altar of Uskayaw.
  2987 | D:3      | Reached skill level 4 in Unarmed Combat
  3259 | D:4      | Noticed Dowan
  3260 | D:4      | Noticed Duvessa
  3728 | D:4      | Noticed Blork the orc
  3736 | D:4      | Killed Blork the orc
  3736 | D:4      | Reached XP level 6. HP: 32/38 MP: 7/9
  3761 | D:4      | Reached skill level 5 in Unarmed Combat
  3778 | D:4      | Killed from afar by Dowan

Skill      XL: |  1  2  3  4  5  6 |
---------------+-------------------+-----
Transmutations | 3 4 |  4.2
Poison Magic   | 2 3 |  3.0
Unarmed Combat | 4 5 |  5.2
Fighting       | |  1.0
Dodging        | |  2.0
Spellcasting   | |  2.0

Action                   |  1- 3 |  4- 6 || total
-------------------------+-------+-------++-------
Melee: Unarmed           |    70 |   133 ||   203
       Constrict         |    18 |    12 ||    30
       Kick              |    11 |       ||    11
       Tentacles         |     9 |     7 ||    16
       Punch             |     2 |       ||     2
 Cast: Beastly Appendage |    17 |     3 ||    20
       Spider Form       |     1 |    24 ||    25
  Use: Scroll            |       |     2 ||     2
 Stab: Sleeping          |     3 |     9 ||    12
  Eat: Chunk             |     1 |    12 ||    13
Armor: Skin              |     4 |    12 ||    16
Dodge: Dodged            |    53 |   111 ||   164
